General information
- name: BNet
- type: Ladder team game (AT/RT)
- host: Battle.net
- saver: ChaosNWindyCity
map: Deadlock
- players: 8
- length: 59:12
- speed: Fast
- version: 1.28 W3XP
- replay type: Public
» download(426 KB)
Players
team 1 (loser)
Fishay_Pussay (
pink | 29 APM | 1729 actions | 59:11)
7 Blademaster
3 Wind Walk
3 Critical Strike
1 Bladestorm
» actions
| Assign group hotkey | 21 | |
| Basic commands | 1 | |
| Build / train | 122 | |
| Enter build submenu | 22 | |
| Enter hero's abilities submenu | 7 | |
| Remove unit from queue | 1 | |
| Right click | 849 | |
| Select / deselect | 337 | |
| Select group hotkey | 184 | |
| Use ability | 185 | |
1729 total
» units
| Peon | 22 | |
| Grunt | 6 | |
| Raider | 30 | |
| Kodo Beast | 6 | |
| Wind Rider | 3 | |
67 total
» upgrades
| Pillage | 1 | |
| Spiked Barricades | 2 | |
| Melee Weapons | 3 | |
| Armor | 3 | |
| Reinforced Defenses | 1 | |
| Ensnare | 1 | |
| War Drums Damage Increase | 1 | |
| Ranged Weapons | 1 | |
| Envenomed Spears | 1 | |
14 total
» buildings
| Altar of Storms | 1 | |
| Orc Burrow | 6 | |
| Barracks | 1 | |
| Voodoo Lounge | 1 | |
| War Mill | 1 | |
| Stronghold | 1 | |
| Fortress | 3 | |
| Great Hall | 1 | |
| Beastiary | 2 | |
| Watch Tower | 14 | |
31 total
» build order
00:20 Altar of Storms
00:36 Orc Burrow
00:50 Barracks
01:36 Orc Burrow
02:02 Voodoo Lounge
02:18 War Mill
03:37 Stronghold
05:03 Orc Burrow
05:05 Orc Burrow
05:48 Orc Burrow
05:58 Fortress
05:58 Fortress
05:59 Fortress
06:50 Great Hall
07:19 Beastiary
07:51 Beastiary
13:37 Watch Tower
13:39 Watch Tower
13:46 Orc Burrow
14:08 Watch Tower
14:10 Watch Tower
16:01 Watch Tower
18:43 Watch Tower
18:44 Watch Tower
18:45 Watch Tower
18:46 Watch Tower
18:46 Watch Tower
21:18 Watch Tower
21:18 Watch Tower
21:19 Watch Tower
21:24 Watch Tower
» items
| Healing Salve | 6 | |
| Lesser Clarity Potion | 6 | |
| Potion of Healing | 3 | |
| Scroll of Town Portal | 4 | |
| Orb of Lightning | 1 | |
| Scroll of Healing | 1 | |
21 total
KARL-MALONE. (
orange | 59 APM | 3486 actions | 59:11)
8 Blademaster
3 Wind Walk
3 Critical Strike
1 Bladestorm
1 Mirror Image
» actions
| Assign group hotkey | 36 | |
| Basic commands | 243 | |
| Build / train | 94 | |
| Enter build submenu | 38 | |
| Enter hero's abilities submenu | 8 | |
| Give item / drop item | 9 | |
| Right click | 1361 | |
| Select / deselect | 451 | |
| Select group hotkey | 1032 | |
| Use ability | 214 | |
3486 total
» units
| Peon | 22 | |
| Grunt | 4 | |
| Wind Rider | 8 | |
| Troll Batrider | 12 | |
| Raider | 3 | |
49 total
» upgrades
| Ranged Weapons | 2 | |
| Reinforced Defenses | 1 | |
| Liquid Fire | 1 | |
| Armor | 2 | |
| Ensnare | 1 | |
| Melee Weapons | 2 | |
| Pillage | 1 | |
| Spiked Barricades | 1 | |
11 total
» buildings
| Altar of Storms | 1 | |
| Orc Burrow | 9 | |
| Barracks | 1 | |
| Stronghold | 3 | |
| Voodoo Lounge | 1 | |
| War Mill | 1 | |
| Great Hall | 1 | |
| Watch Tower | 43 | |
| Fortress | 2 | |
| Beastiary | 3 | |
65 total
» build order
00:06 Altar of Storms
00:16 Orc Burrow
00:37 Barracks
01:25 Orc Burrow
02:57 Stronghold
02:57 Stronghold
02:57 Stronghold
03:15 Voodoo Lounge
04:01 Orc Burrow
04:04 War Mill
04:59 Great Hall
06:16 Watch Tower
06:17 Watch Tower
06:17 Watch Tower
06:53 Fortress
06:53 Fortress
07:18 Beastiary
07:32 Watch Tower
07:33 Watch Tower
07:33 Watch Tower
07:43 Beastiary
08:07 Orc Burrow
10:53 Watch Tower
11:17 Watch Tower
12:33 Watch Tower
13:43 Watch Tower
13:44 Watch Tower
14:19 Watch Tower
15:52 Watch Tower
15:56 Watch Tower
16:19 Watch Tower
16:23 Watch Tower
20:01 Watch Tower
20:01 Watch Tower
20:02 Watch Tower
20:02 Watch Tower
20:03 Watch Tower
20:44 Beastiary
21:08 Orc Burrow
23:35 Orc Burrow
27:59 Watch Tower
27:59 Watch Tower
27:59 Watch Tower
28:00 Watch Tower
28:00 Watch Tower
28:01 Watch Tower
28:27 Watch Tower
28:28 Watch Tower
28:28 Watch Tower
28:29 Watch Tower
28:29 Watch Tower
28:30 Watch Tower
29:53 Watch Tower
29:53 Watch Tower
30:59 Watch Tower
30:59 Watch Tower
31:43 Watch Tower
31:44 Watch Tower
32:52 Orc Burrow
36:30 Orc Burrow
36:30 Orc Burrow
36:42 Watch Tower
36:43 Watch Tower
36:43 Watch Tower
36:57 Watch Tower
» items
| Healing Salve | 6 | |
| Lesser Clarity Potion | 3 | |
| Orb of Lightning | 1 | |
| Potion of Mana | 1 | |
| Potion of Lesser Invulnerability | 2 | |
| Staff of Teleportation | 1 | |
| Tiny Great Hall | 2 | |
| Scroll of Town Portal | 3 | |
19 total

»
DIRTYJEWFELD (
purple | 45 APM | 1175 actions | 26:14)
3 Blademaster
2 Wind Walk
1 Critical Strike
3 Shadow Hunter
2 Healing Wave
1 Hex
» actions
| Basic commands | 5 | |
| Build / train | 75 | |
| Enter build submenu | 17 | |
| Enter hero's abilities submenu | 6 | |
| Give item / drop item | 1 | |
| Remove unit from queue | 2 | |
| Right click | 709 | |
| Select / deselect | 272 | |
| Use ability | 88 | |
1175 total
» units
| Peon | 8 | |
| Grunt | 9 | |
| Troll Batrider | 12 | |
| Shaman | 5 | |
| Raider | 8 | |
| Tauren | 2 | |
44 total
» upgrades
| Melee Weapons | 2 | |
| Armor | 1 | |
| Berserker Strength | 1 | |
| Spiked Barricades | 1 | |
| Shaman Training | 2 | |
| Pulverize | 1 | |
8 total
» buildings
| Altar of Storms | 1 | |
| Orc Burrow | 7 | |
| Barracks | 1 | |
| Voodoo Lounge | 2 | |
| Stronghold | 2 | |
| War Mill | 1 | |
| Watch Tower | 2 | |
| Spirit Lodge | 1 | |
| Beastiary | 1 | |
| Fortress | 1 | |
| Tauren Totem | 1 | |
20 total
» build order
00:25 Altar of Storms
00:38 Orc Burrow
00:54 Barracks
01:38 Voodoo Lounge
01:57 Orc Burrow
02:57 Orc Burrow
05:57 Stronghold
05:57 Stronghold
06:00 War Mill
06:04 Orc Burrow
07:32 Orc Burrow
09:37 Watch Tower
09:38 Watch Tower
10:08 Spirit Lodge
10:13 Beastiary
11:04 Orc Burrow
11:34 Fortress
17:29 Voodoo Lounge
18:34 Tauren Totem
20:00 Orc Burrow
» items
| Healing Salve | 3 | |
| Lesser Clarity Potion | 3 | |
| Scroll of Speed | 2 | |
8 total
Rage:5 (
green | 38 APM | 1203 actions | 31:28)
3 Blademaster
1 Wind Walk
1 Critical Strike
1 Mirror Image
4 Shadow Hunter
2 Healing Wave
1 Hex
1 Serpent Ward
» actions
| Assign group hotkey | 35 | |
| Basic commands | 1 | |
| Build / train | 54 | |
| Enter build submenu | 37 | |
| Enter hero's abilities submenu | 7 | |
| Remove unit from queue | 3 | |
| Right click | 582 | |
| Select / deselect | 279 | |
| Select group hotkey | 132 | |
| Use ability | 73 | |
1203 total
» units
| Peon | 14 | |
| Grunt | 3 | |
| Troll Headhunter/Berserker | 3 | |
| Raider | 3 | |
| Wind Rider | 4 | |
27 total
» upgrades
| Melee Weapons | 1 | |
| Armor | 4 | |
| Pillage | 1 | |
| Ensnare | 1 | |
| Ranged Weapons | 2 | |
| Spiked Barricades | 1 | |
| Envenomed Spears | 1 | |
| Berserker Upgrade | 1 | |
12 total
» buildings
| Orc Burrow | 7 | |
| Altar of Storms | 1 | |
| Barracks | 2 | |
| War Mill | 3 | |
| Voodoo Lounge | 1 | |
| Watch Tower | 9 | |
| Stronghold | 1 | |
| Beastiary | 3 | |
| Fortress | 1 | |
| Great Hall | 5 | |
33 total
» build order
00:16 Orc Burrow
00:29 Altar of Storms
01:58 Barracks
02:07 War Mill
02:13 War Mill
02:22 War Mill
02:41 Orc Burrow
03:08 Voodoo Lounge
03:42 Watch Tower
04:20 Orc Burrow
04:23 Stronghold
04:54 Watch Tower
05:25 Barracks
06:17 Watch Tower
06:44 Watch Tower
07:51 Beastiary
08:19 Orc Burrow
09:27 Orc Burrow
11:22 Fortress
12:39 Great Hall
13:46 Beastiary
15:03 Orc Burrow
16:32 Watch Tower
16:51 Beastiary
19:01 Orc Burrow
21:19 Watch Tower
21:51 Great Hall
22:34 Watch Tower
23:31 Great Hall
23:48 Watch Tower
24:59 Watch Tower
25:21 Great Hall
31:07 Great Hall
» items
| Orb of Lightning | 1 | |
| Healing Salve | 1 | |
2 total
team 2 (winner)
DSMPoupy (
yellow | 69 APM | 1133 actions | 16:20)
4 Warden
2 Shadow Strike
2 Blink
» actions
| Assign group hotkey | 20 | |
| Basic commands | 26 | |
| Build / train | 61 | |
| ESC pressed | 2 | |
| Enter build submenu | 24 | |
| Enter hero's abilities submenu | 4 | |
| Remove unit from queue | 1 | |
| Right click | 616 | |
| Select / deselect | 165 | |
| Select group hotkey | 151 | |
| Use ability | 63 | |
1133 total
» units
| Wisp | 33 | |
| Archer | 5 | |
| Huntress | 3 | |
| Harpy Rogue | 1 | |
| Dryad | 1 | |
| Druid of the Claw | 2 | |
45 total
» upgrades
| Abolish Magic | 1 | |
| Druid of the Claw Training | 1 | |
2 total
» buildings
| Altar of Elders | 1 | |
| Moon Well | 4 | |
| Ancient of War | 1 | |
| Hunter's Hall | 1 | |
| Ancient Protector | 10 | |
| Tree of Ages | 1 | |
| Ancient of Wonders | 1 | |
| Tree of Life | 2 | |
| Ancient of Lore | 2 | |
23 total
» build order
00:08 Altar of Elders
00:09 Moon Well
00:23 Ancient of War
01:56 Hunter's Hall
02:17 Moon Well
03:02 Ancient Protector
03:14 Ancient Protector
04:11 Ancient Protector
04:42 Ancient Protector
05:32 Ancient Protector
06:29 Tree of Ages
07:13 Ancient Protector
08:12 Moon Well
08:18 Ancient of Wonders
08:33 Tree of Life
10:07 Ancient of Lore
11:40 Moon Well
11:43 Ancient Protector
11:57 Ancient Protector
13:20 Ancient of Lore
14:41 Ancient Protector
14:43 Ancient Protector
15:47 Tree of Life
» items
| Scroll of Town Portal | 2 | |
| Staff of Preservation | 1 | |
| Potion of Healing | 2 | |
| Moonstone | 1 | |
| Potion of Lesser Invulnerability | 1 | |
7 total
ChaosNWindyCity (
red | 69 APM | 4063 actions | 59:12)
10 Archmage
3 Summon Water Elemental
3 Brilliance Aura
1 Mass Teleport
3 Blizzard
» actions
| Assign group hotkey | 148 | |
| Basic commands | 262 | |
| Build / train | 128 | |
| Enter build submenu | 79 | |
| Enter hero's abilities submenu | 10 | |
| Give item / drop item | 2 | |
| Right click | 1379 | |
| Select / deselect | 630 | |
| Select group hotkey | 1078 | |
| Use ability | 347 | |
4063 total
» units
| Peasant | 24 | |
| Footman | 4 | |
| Gryphon Rider | 13 | |
| Dragonhawk Rider | 16 | |
57 total
» upgrades
| Lumber Harvesting | 2 | |
| Masonry | 3 | |
| Storm Hammers | 1 | |
| Swords | 3 | |
| Cloud | 1 | |
| Armor | 3 | |
| Animal War Training | 1 | |
| Magic Sentry | 1 | |
15 total
» buildings
| Altar of Kings | 1 | |
| Barracks | 1 | |
| Farm | 12 | |
| Scout Tower | 69 | |
| Arcane Tower | 2 | |
| Town Hall | 6 | |
| Arcane Vault | 1 | |
| Keep | 1 | |
| Lumber Mill | 2 | |
| Guard Tower | 22 | |
| Castle | 1 | |
| Gryphon Aviary | 8 | |
| Blacksmith | 2 | |
| Arcane Sanctum | 1 | |
| Moon Well | 3 | |
132 total
» build order
00:46 Altar of Kings
00:48 Barracks
00:49 Farm
00:50 Farm
01:04 Farm
01:06 Farm
01:07 Farm
02:05 Scout Tower
02:36 Arcane Tower
03:44 Town Hall
05:08 Scout Tower
05:10 Scout Tower
05:11 Scout Tower
05:12 Scout Tower
05:14 Scout Tower
05:18 Arcane Vault
05:19 Keep
05:22 Lumber Mill
05:54 Arcane Tower
06:53 Guard Tower
07:53 Castle
07:58 Scout Tower
07:58 Scout Tower
07:59 Scout Tower
08:00 Scout Tower
08:28 Guard Tower
08:45 Guard Tower
08:47 Guard Tower
09:11 Gryphon Aviary
09:12 Gryphon Aviary
09:26 Gryphon Aviary
09:55 Gryphon Aviary
10:00 Blacksmith
10:34 Farm
10:56 Blacksmith
13:46 Scout Tower
13:47 Scout Tower
13:48 Scout Tower
13:50 Scout Tower
13:55 Scout Tower
13:57 Scout Tower
13:58 Scout Tower
13:58 Scout Tower
13:59 Scout Tower
14:26 Guard Tower
14:28 Guard Tower
15:48 Guard Tower
21:04 Farm
21:04 Farm
21:04 Farm
21:05 Farm
21:05 Farm
21:06 Farm
21:31 Gryphon Aviary
21:32 Gryphon Aviary
21:34 Gryphon Aviary
21:36 Gryphon Aviary
23:23 Arcane Sanctum
24:39 Town Hall
27:16 Town Hall
27:54 Moon Well
27:55 Moon Well
27:56 Moon Well
29:30 Town Hall
29:32 Town Hall
29:59 Scout Tower
30:00 Scout Tower
30:01 Scout Tower
30:02 Scout Tower
30:03 Scout Tower
30:04 Scout Tower
30:06 Scout Tower
30:07 Scout Tower
30:09 Scout Tower
30:10 Scout Tower
30:11 Scout Tower
30:12 Scout Tower
30:13 Scout Tower
30:14 Scout Tower
30:15 Scout Tower
30:17 Scout Tower
30:17 Scout Tower
30:18 Scout Tower
30:23 Scout Tower
30:23 Scout Tower
30:23 Scout Tower
30:24 Scout Tower
30:24 Scout Tower
30:25 Scout Tower
30:25 Scout Tower
30:26 Scout Tower
30:26 Scout Tower
30:27 Scout Tower
30:27 Scout Tower
30:28 Scout Tower
30:35 Scout Tower
30:35 Scout Tower
30:35 Scout Tower
30:35 Scout Tower
30:37 Scout Tower
30:38 Scout Tower
30:39 Scout Tower
30:44 Scout Tower
30:45 Scout Tower
30:45 Scout Tower
30:46 Scout Tower
30:47 Scout Tower
30:54 Guard Tower
30:56 Guard Tower
31:36 Guard Tower
31:41 Guard Tower
31:44 Guard Tower
31:47 Guard Tower
32:26 Guard Tower
32:36 Guard Tower
34:13 Lumber Mill
34:18 Guard Tower
34:21 Guard Tower
35:47 Town Hall
35:50 Scout Tower
35:51 Scout Tower
35:51 Scout Tower
35:52 Scout Tower
35:53 Scout Tower
35:54 Scout Tower
35:54 Scout Tower
35:56 Scout Tower
36:35 Guard Tower
36:42 Guard Tower
38:20 Guard Tower
38:49 Guard Tower
46:24 Guard Tower
» items
| Lesser Clarity Potion | 2 | |
| Scroll of Regeneration | 5 | |
| Mechanical Critter | 2 | |
| Scroll of Town Portal | 6 | |
| Staff of Sanctuary | 1 | |
| Staff of Teleportation | 1 | |
| Periapt of Vitality | 1 | |
| Potion of Healing | 1 | |
19 total
manu227 (
teal | 33 APM | 1729 actions | 51:50)
7 Mountain King
3 Storm Bolt
1 Bash
2 Thunder Clap
1 Avatar
4 Paladin
2 Holy Light
2 Divine Shield
» actions
| Basic commands | 106 | |
| Build / train | 159 | |
| Enter build submenu | 52 | |
| Enter hero's abilities submenu | 11 | |
| Right click | 485 | |
| Select / deselect | 730 | |
| Use ability | 178 | |
1729 total
» units
| Peasant | 24 | |
| Footman | 7 | |
| Rifleman | 9 | |
| Sorceress | 11 | |
| Spell Breaker | 6 | |
| Wisp | 5 | |
| Priest | 6 | |
| Siege Engine | 2 | |
| Archer | 7 | |
| Dryad | 1 | |
| Mortar Team | 5 | |
83 total
» upgrades
| Defend | 1 | |
| Masonry | 2 | |
| Sorceress Training | 1 | |
| Magic Sentry | 1 | |
| Long Rifles | 1 | |
| Gunpowder | 2 | |
| Lumber Harvesting | 1 | |
| Armor | 2 | |
| Priest Training | 2 | |
| Barrage | 1 | |
| Improved Bows | 1 | |
| Strength of the Moon | 1 | |
| Moon Armor | 1 | |
| Control Magic | 1 | |
| Marksmanship | 1 | |
| Plating | 1 | |
| Fragmentation Shards | 1 | |
21 total
» buildings
| Farm | 14 | |
| Barracks | 2 | |
| Altar of Kings | 2 | |
| Scout Tower | 14 | |
| Arcane Tower | 2 | |
| Arcane Vault | 1 | |
| Lumber Mill | 1 | |
| Keep | 2 | |
| Blacksmith | 1 | |
| Guard Tower | 7 | |
| Castle | 1 | |
| Arcane Sanctum | 2 | |
| Town Hall | 2 | |
| Workshop | 2 | |
| Ancient of War | 3 | |
| Moon Well | 4 | |
| Tree of Eternity | 1 | |
| Tree of Life | 1 | |
| Ancient of Lore | 2 | |
64 total
» build order
00:24 Farm
00:40 Barracks
00:55 Altar of Kings
01:05 Farm
01:41 Farm
01:59 Scout Tower
02:19 Farm
02:32 Arcane Tower
02:36 Scout Tower
02:55 Farm
03:27 Arcane Tower
03:30 Arcane Vault
03:47 Lumber Mill
04:28 Keep
06:09 Blacksmith
06:14 Scout Tower
06:16 Scout Tower
06:20 Scout Tower
06:58 Guard Tower
07:01 Guard Tower
07:04 Castle
07:07 Arcane Sanctum
07:15 Guard Tower
07:59 Scout Tower
08:00 Scout Tower
08:02 Scout Tower
08:03 Scout Tower
10:02 Scout Tower
10:09 Town Hall
10:11 Scout Tower
10:14 Scout Tower
10:15 Scout Tower
10:17 Guard Tower
10:21 Scout Tower
10:41 Guard Tower
10:43 Guard Tower
10:49 Guard Tower
13:35 Arcane Sanctum
14:23 Farm
15:05 Barracks
15:12 Farm
15:50 Farm
16:42 Farm
17:39 Farm
18:18 Workshop
18:22 Workshop
20:09 Farm
20:27 Ancient of War
20:31 Ancient of War
20:36 Ancient of War
20:39 Moon Well
20:43 Moon Well
21:09 Farm
25:01 Tree of Eternity
25:38 Town Hall
26:48 Tree of Life
27:36 Ancient of Lore
27:38 Ancient of Lore
29:26 Moon Well
29:30 Moon Well
36:37 Keep
45:03 Farm
45:06 Farm
45:41 Altar of Kings
» items
| Scroll of Regeneration | 6 | |
| Lesser Clarity Potion | 6 | |
| Ivory Tower | 3 | |
| Potion of Healing | 4 | |
| Potion of Mana | 5 | |
| Scroll of Town Portal | 4 | |
| Orb of Fire | 1 | |
29 total
DYBALA (
blue | 15 APM | 859 actions | 59:11)
6 Blademaster
3 Wind Walk
2 Critical Strike
1 Bladestorm
» actions
| Assign group hotkey | 7 | |
| Basic commands | 6 | |
| Build / train | 50 | |
| Enter build submenu | 29 | |
| Enter hero's abilities submenu | 6 | |
| Give item / drop item | 4 | |
| Remove unit from queue | 1 | |
| Right click | 258 | |
| Select / deselect | 207 | |
| Select group hotkey | 205 | |
| Use ability | 83 | |
859 total
» units
» upgrades
| Armor | 2 | |
| Melee Weapons | 0 | |
| Ranged Weapons | 2 | |
4 total
» buildings
| Orc Burrow | 9 | |
| Altar of Storms | 1 | |
| Barracks | 1 | |
| War Mill | 1 | |
| Watch Tower | 8 | |
| Voodoo Lounge | 2 | |
| Stronghold | 1 | |
| Beastiary | 3 | |
| Great Hall | 1 | |
| Tree of Ages | 1 | |
28 total
» build order
00:24 Orc Burrow
00:36 Altar of Storms
00:53 Barracks
01:07 War Mill
01:53 Orc Burrow
02:24 Watch Tower
03:21 Orc Burrow
05:02 Voodoo Lounge
06:03 Voodoo Lounge
06:09 Stronghold
06:16 Watch Tower
06:47 Watch Tower
06:54 Orc Burrow
07:47 Orc Burrow
08:38 Watch Tower
08:53 Orc Burrow
09:06 Beastiary
09:52 Watch Tower
10:00 Watch Tower
10:08 Beastiary
10:40 Orc Burrow
11:00 Beastiary
11:09 Watch Tower
12:49 Orc Burrow
12:54 Orc Burrow
14:24 Great Hall
14:38 Watch Tower
21:59 Tree of Ages
» items
| Healing Salve | 2 | |
| Scroll of Town Portal | 3 | |
| Scroll of Speed | 1 | |
| Potion of Mana | 1 | |
| Potion of Healing | 1 | |
| Lesser Clarity Potion | 1 | |
| Orb of Fire | 2 | |
11 total
Chat log
(01:05 / All) Rage:5: yea
(03:06 / Allies) ChaosNWindyCity: lumber
(03:28 / Allies) ChaosNWindyCity: lumber plz
(03:38 / Allies) DSMPoupy: help
(03:50 / All) DSMPoupy: op
(03:58 / Allies) ChaosNWindyCity: 4 here
(04:01 / All) Fishay_Pussay: NO OP HERE
(04:07 / All) DSMPoupy: yup
(04:09 / All) DSMPoupy: op
(04:14 / All) Fishay_Pussay: undead is OP noob
(04:55 / Allies) ChaosNWindyCity: good shop blue
(06:02 / All) KARL-MALONE.: go away yellow
(06:03 / All) KARL-MALONE.: U nigger
(06:05 / All) KARL-MALONE.: i wont hit u
(06:43 / All) KARL-MALONE.: nigger
(06:44 / All) KARL-MALONE.: get away
(06:51 / All) DSMPoupy: ok
(07:00 / Allies) DYBALA: 4 orc is fucked
(07:00 / All) KARL-MALONE.: u have my word i wont hit u
(07:07 / All) KARL-MALONE.: but if u keep being a nigger u die
(07:11 / Allies) DYBALA: one will get raider one bats
(07:14 / Allies) DYBALA: gaurentee
(07:16 / Allies) DSMPoupy: yup
(08:20 / Allies) DYBALA: b
(08:27 / Allies) DSMPoupy: red
(09:46 / All) Fishay_Pussay: tat was clutch
(10:03 / Allies) ChaosNWindyCity: units blue?
(10:03 / All) KARL-MALONE.: easy yellow
(10:04 / All) KARL-MALONE.: easy
(10:06 / Allies) ChaosNWindyCity: and teal
(10:08 / Allies) ChaosNWindyCity: and yellow?
(10:21 / Allies) DSMPoupy: dryads
(10:31 / Allies) manu227: gold
(10:33 / Allies) manu227: red
(10:34 / Allies) manu227: plz
(11:04 / Allies) manu227: red gold plz
(11:24 / Allies) manu227: tnx
(13:01 / All) ChaosNWindyCity: thanks team
(14:02 / Allies) ChaosNWindyCity: lumer
(14:11 / Allies) DSMPoupy: i need too
(14:37 / Allies) DSMPoupy: bats r here
(14:39 / Allies) DSMPoupy: tower up
(14:59 / Allies) DSMPoupy: stupid orcs
(15:03 / Allies) DSMPoupy: uinwinnable
(15:52 / Allies) ChaosNWindyCity: lumber
(16:22 / All) Fishay_Pussay: pwnt
(16:23 / Allies) DYBALA: ?
(17:16 / Allies) ChaosNWindyCity: hit expansions!?!?!?!
(19:43 / Allies) ChaosNWindyCity: blue
(19:44 / Allies) ChaosNWindyCity: come
(19:46 / Allies) ChaosNWindyCity: I tp
(19:49 / Allies) ChaosNWindyCity: kill pink expo
(20:44 / Allies) ChaosNWindyCity: olut
(20:48 / Allies) ChaosNWindyCity: out
(20:48 / Allies) ChaosNWindyCity: out
(21:01 / All) DYBALA: lol
(21:16 / All) DYBALA: this was over the second it begun
(21:21 / All) KARL-MALONE.: relax dude
(21:24 / Allies) ChaosNWindyCity: I'm going 80 food
(22:10 / Allies) DYBALA: im out of gol
(22:13 / All) ChaosNWindyCity: thought I bought tp
(22:23 / All) ChaosNWindyCity: awesome
(22:29 / Allies) DYBALA: i got nothing now
(22:45 / All) KARL-MALONE.: team doesnt want to listen
(25:00 / All) KARL-MALONE.: tking pink
(25:03 / All) KARL-MALONE.: Cuz hes a faggot that doenst listne
(25:08 / All) Fishay_Pussay: orange sucks major cocks
(25:15 / All) DIRTYJEWFELD: fuckin game ruined man,,,,
(25:15 / All) KARL-MALONE.: idiot listen to ur allies next time
(25:45 / All) KARL-MALONE.: leave
(25:45 / All) KARL-MALONE.: bitch
(25:50 / Allies) manu227: gold
(25:51 / Allies) manu227: plz
(26:04 / All) KARL-MALONE.: they cant do shit lol
(26:15 / All) KARL-MALONE.: blame pink
(26:17 / All) KARL-MALONE.: For being a nigger
(26:20 / All) KARL-MALONE.: leave plz pink
(26:25 / All) DYBALA: lol
(26:38 / All) KARL-MALONE.: bitch pink owned
(26:51 / All) ChaosNWindyCity: raped noob
(26:54 / All) DYBALA: yall should have won by now
(28:03 / All) DYBALA: beeen playing with only a hero
(28:49 / Allies) DYBALA: fuck red
(31:23 / All) Rage:5: bullshit game with teamkillers
(33:08 / All) KARL-MALONE.: i bet u pink is gonna stay til he thinks i lost
(33:22 / All) DYBALA: your doing the same hting...
(33:27 / All) ChaosNWindyCity: you did lose, noob
(36:42 / Allies) DYBALA: red?
(36:47 / Allies) ChaosNWindyCity: yes
(36:54 / Allies) DYBALA: just chillin?
(36:55 / Allies) ChaosNWindyCity: I need lumber for siege
(37:09 / All) KARL-MALONE.: teal was whispeirng me
(37:18 / All) ChaosNWindyCity: tk?
(37:21 / All) KARL-MALONE.: "stupid noob"
(37:24 / All) ChaosNWindyCity: oh
(37:37 / Allies) ChaosNWindyCity: I need lumber for morts and tanks
(37:44 / Allies) DYBALA: red lol u wanna tk?
(37:50 / Allies) ChaosNWindyCity: I thought teal was tk
(38:22 / Allies) ChaosNWindyCity: Thanks pal
(38:34 / All) KARL-MALONE.: sorc are so gay
(38:36 / Allies) DYBALA: np
(39:48 / All) KARL-MALONE.: leave plz
(39:53 / Allies) DYBALA: sigh
(40:20 / All) ChaosNWindyCity: Thank god teal isn't a tk
(40:46 / All) ChaosNWindyCity: If he was a tk he'd be doing my job!
(41:32 / All) KARL-MALONE.: leave dumb noob teal
(41:38 / All) ChaosNWindyCity: you like that teal?
(41:43 / All) ChaosNWindyCity: cloud works on allies, cool huh?
(41:58 / All) DYBALA: lol
(42:05 / All) KARL-MALONE.: he whispering me in spic
(42:07 / All) KARL-MALONE.: language
(42:13 / All) ChaosNWindyCity: BRAZEW
(42:15 / All) DYBALA: i always get sucked into this
(42:16 / All) ChaosNWindyCity: HUEHUEHUEHUE
(42:39 / 6) manu227: ahora q t vuelva a encontrar puto d mierda
(42:40 / All) KARL-MALONE.: bad boy teal
(42:42 / All) KARL-MALONE.: dumb noob
(42:43 / All) KARL-MALONE.: trump #1
(42:50 / All) KARL-MALONE.: LA MIGRA
(42:50 / 6) manu227: t voy a roper tu perra madre
(42:51 / All) KARL-MALONE.: TRUMP
(42:54 / All) KARL-MALONE.: LA MIGRA
(42:57 / All) ChaosNWindyCity: Does it make sense to shit talk in a language that person can't understand?
(43:18 / All) ChaosNWindyCity: Maybe it's somehow cathartic for him to type it even though I don't speak amazonian monkey
(46:05 / All) KARL-MALONE.: standoff pink teal?
(46:11 / All) ChaosNWindyCity: yes
(46:15 / All) ChaosNWindyCity: yellow has 1 food somewhere
(46:25 / Allies) manu227: y luego q putos marikas d mierda
(46:40 / Allies) manu227: hasta parecen pendejos
(46:45 / Allies) manu227: pinches putos
(46:50 / All) ChaosNWindyCity: teal must have taken care of it, good job
(46:52 / All) ChaosNWindyCity: *blue
(46:59 / All) DYBALA: :)
(48:27 / All) KARL-MALONE.: casters rifles tanks is so gay to deal with
(48:32 / All) ChaosNWindyCity: yeah
(48:34 / All) ChaosNWindyCity: and mk pally
(48:40 / All) ChaosNWindyCity: at least he didn't have am with mass tp
(48:47 / All) manu227: me la pelan putos
(48:59 / All) DYBALA: man u sucks buddy
(49:05 / All) DYBALA: chear for a real team
(49:32 / All) KARL-MALONE.: 100% positive pink is still here
(49:35 / All) KARL-MALONE.: he pretend afk
(51:12 / All) KARL-MALONE.: actually it'll be blue and teal vs pink
(51:23 / All) ChaosNWindyCity: blue's a good helper
(51:32 / All) ChaosNWindyCity: Thanks for the assistance
(51:35 / All) manu227: estas bn pndjo
(51:41 / All) DYBALA: gotch u homie
(51:48 / All) DYBALA: gave you wood and helped tk
(51:55 / All) ChaosNWindyCity: Oh my
(52:14 / All) ChaosNWindyCity: want to just give fishay pussay the loss?
(53:26 / All) ChaosNWindyCity: 66-54 fishay_pussay
(53:34 / All) ChaosNWindyCity: apt name cuz he stinks
(53:36 / All) KARL-MALONE.: he neve rlistened to me
(53:47 / All) KARL-MALONE.: i told him to hit bottom hes like "no im hitting top"
(53:52 / All) ChaosNWindyCity: l;awl
(53:55 / All) ChaosNWindyCity: what a cocksuckah
(54:04 / All) DYBALA: u guys know eachother?
(54:06 / All) ChaosNWindyCity: Did you ever play Chaos in the Windy City as a kid
(54:10 / All) DYBALA: lol this shits funny
(54:10 / All) KARL-MALONE.: no
(54:19 / All) ChaosNWindyCity: Orange? Nevah hoyd of em
(54:24 / All) DYBALA: going to start doing this
(54:32 / All) KARL-MALONE.: never
(54:47 / All) ChaosNWindyCity: pink never killed my piggy
(54:53 / All) ChaosNWindyCity: purple or green killed my other one tho
(54:57 / All) ChaosNWindyCity: cuz it was taken off hold somehow
(55:02 / All) ChaosNWindyCity: and got in his way hwen he tried to build
(55:36 / All) ChaosNWindyCity: I never beat Chaos in teh Windy City
(55:42 / All) ChaosNWindyCity: It was a hard game for me
(55:50 / All) ChaosNWindyCity: I didn't understand it really when I played it lawl
(56:00 / All) ChaosNWindyCity: I was 6 or 7
(57:26 / All) ChaosNWindyCity: thick cloud
(57:37 / Allies) DYBALA: shits blinding
(58:58 / All) ChaosNWindyCity: Well good riddance to bad rubbish, this trash is about to be thrown itno the bin
(59:00 / All) ChaosNWindyCity: where he belongs
(59:06 / All) KARL-MALONE.: gonna take a shower
(59:09 / All) KARL-MALONE.: will upload after